cohdb
Replays
Latest Replays
All Replays
Popular Replays
Top Player Replays
Match Explorer
How It Works
Community
CoH3 Stats
Reddit
Sign in to upload your games and track your stats! →
Sign in with Steam
Match 45590736
Unlisted
Match 45590736
Overview
Messages
Build Orders
End
Kradschützen Motorcycle Team
Panzerpioneer Squad
250 Light Carrier
Construct Light Support Kompanie
MG34 Team
Combat Half-tracks
Fire Support Elements
Flakvierling Half-track
Panzerjäger Mechanized Group
Selects Armored Support Battlegroup
Selects Superior Fire Drills
Vehicle Survival Package
Construct Mechanized Kompanie
Construct Panzerarmee Kommand
秃鹫k
【POW】游骑
米浴
GOOD
wila
LittleFatty233
[VN]Tôi thích tỉnh lạng s
old tiger
0
0
Comments
sign in to comment!
No comments posted yet!